 Dungeon Crawl Stone Soup version 0.27.1-1-g398f81649c (webtiles) character file.

Game seed: 8161329528078442423

397 speeev33 the Skirmisher (level 6, -6/56 (57) HPs)
             Began as a Hill Orc Fighter on Sept 5, 2021.
             Mangled by a wight (12 damage)
             ... on level 3 of the Dungeon.
             The game lasted 00:02:38 (2429 turns).

speeev33 the Skirmisher (Hill Orc Fighter)          Turns: 2429, Time: 00:02:39

HP:   -6/56 (57)    AC:  8    Str: 21    XL:     6   Next: 83%
MP:   6/6           EV:  4    Int:  8    God:
Gold: 55            SH: 10    Dex: 10    Spells: 5/5 levels left

rFire    . . .     SeeInvis .   a - +0 war axe
rCold    . . .     Faith    .   c - +0 kite shield
rNeg     . . .     Spirit   .   b - +0 scale mail
rPois    .         Reflect  .   (no helmet)
rElec    .         Harm     .   (no cloak)
rCorr    .         Rampage  .   (no gloves)
Will     .....                  g - +0 pair of boots
Stlth    ..........             (no amulet)
HPRegen  0.18/turn              (no ring)
MPRegen  0.10/turn              (no ring)

@: constricted, lightly drained
A: no striking features
a: no special abilities


You were on level 3 of the Dungeon.
You visited 1 branch of the dungeon, and saw 3 of its levels.

You collected 55 gold pieces.

Inventory:

Hand Weapons
 a - a +0 war axe (weapon)
 k - a +0 flail
Missiles
 j - 2 throwing nets (quivered)
Armour
 b - a +0 scale mail (worn)
 c - a +0 kite shield (worn)
 g - a +0 pair of boots (worn)
Jewellery
 i - a +6 ring of intelligence
Potions
 d - a potion of might
 e - a potion of curing
 f - 2 potions of magic {unknown}
 h - a potion of attraction {unknown}


   Skills:
 + Level 5.9 Fighting
 + Level 5.8 Axes
 - Level 3.2 Armour
 + Level 5.3 Shields


You had 5 spell levels left.
You didn't know any spells.
Your spell library was empty.

Dungeon Overview and Level Annotations

Branches:
Dungeon (3/15)

Altars:
Sif Muna


Message History

You closely miss the quokka.
The quokka bites you but does no damage.
You miss the quokka.
The quokka bites you but does no damage.
The quokka closely misses you.
You hit the quokka.
You kill the quokka!
The kobold hits you but does no damage.
You are lethally poisoned!
You closely miss the kobold.
* * * LOW HITPOINT WARNING * * *
You feel very sick. You block the kobold's attack.
You slash the kobold!
You kill the kobold!
* * * LOW HITPOINT WARNING * * *
You feel sick.
It was a potion of curing.
You feel better.
A ball python comes into view.
A wight comes into view. It is wielding a +0 halberd.
The ball python hisses angrily.
Items here: )))) [[[ ††.
You close the door.
You start resting.
You hit the ball python.
The ball python is heavily wounded.
The ball python bites you but does no damage.
The ball python grabs you. The ball python constricts you.
You closely miss the ball python.
The ball python is heavily wounded.
You block the ball python's attack. The ball python constricts you.
The wight hits you from afar with a +0 halberd.
* * * LOW HITPOINT WARNING * * *
You feel drained.
* * * LOW HITPOINT WARNING * * *
The ball python bites you.
* * * LOW HITPOINT WARNING * * *
The ball python constricts you.
The wight hits you from afar with a +0 halberd!
You die...

......... #........
#K....... #######
#........ #.....#
#........ #.###.#
#........ #.# #.#
#........ #.#
#.######........ #.#
#.@Sz.)'........
#.##########........
#.........##########
###....##.# #....# #
#...<+ #....# #....#
#....#


You could see a wight and a ball python.

Vanquished Creatures
  Sigmund (D:2)
  3 wights (D:3)
  3 gnolls (D:2)
  2 adders (D:2)
  2 worms (D:2)
  7 ball pythons
  3 endoplasms
  2 giant cockroaches (D:2)
  6 goblins
  5 hobgoblins
  8 jackals
  2 quokkas
  5 bats
  2 frilled lizards (D:1)
  5 kobolds
  5 rats
61 creatures vanquished.

Notes
Turn   | Place    | Note
-------+----------+-------------------------------------------
     0 | D:1      | speeev33 the Hill Orc Fighter began the quest for the Orb.
     0 | D:1      | Reached XP level 1. HP: 19/19 MP: 1/1
    82 | D:1      | Reached XP level 2. HP: 16/27 MP: 2/2
   464 | D:1      | Reached XP level 3. HP: 24/33 MP: 3/3
   958 | D:2      | Found a shimmering blue altar of Sif Muna.
  1222 | D:2      | Reached XP level 4. HP: 41/41 MP: 4/4
  1383 | D:2      | Noticed Sigmund
  1398 | D:2      | Killed Sigmund
  1399 | D:2      | Reached skill level 5 in Fighting
  1399 | D:2      | Reached skill level 5 in Axes
  1399 | D:2      | Reached XP level 5. HP: 26/48 MP: 5/5
  1562 | D:2      | Reached XP level 6. HP: 49/56 MP: 6/6
  1940 | D:2      | Reached skill level 5 in Shields
  2416 | D:3      | HP: 2/57 [poisoned by a kobold]
  2429 | D:3      | Mangled by a wight

Illustrated notes

Levels and vault maps discovered:
D:1:      dpeg_arrival_prison, layout_basic
D:2:      layout_basic, basic_altar, uniq_sigmund
D:3:      layout_basic, nicolae_dithmenos_shadow_blocks, uniq_terence,
          uniq_jessica

Skill      XL: |  1  2  3  4  5  6 |
---------------+-------------------+-----
Axes           | 3 5 |  5.8
Fighting       | 4 5 |  5.9
Shields        | 4 5 |  5.3
Armour         | |  3.2

Action                   |  1- 3 |  4- 6 || total
-------------------------+-------+-------++-------
Melee: War axe           |   118 |   100 ||   218
  Use: Scroll            |     2 |     2 ||     4
       Potion            |       |     1 ||     1
Armor: Scale mail        |    73 |    46 ||   119
Dodge: Dodged            |    46 |    37 ||    83
Block: Kite shield       |    78 |    54 ||   132
